 Dungeon Crawl Stone Soup version 0.32-a0-886-g41c5271027 (webtiles) character file.

Game seed: 14069672620894270331

364 Chadd the Trooper (level 6, -1/59 HPs)
             Began as an Oni Gladiator on Apr 3, 2024.
             Slain by a water moccasin (5 damage)
             ... on level 5 of the Dungeon.
             The game lasted 00:08:24 (3276 turns).

Chadd the Trooper (Oni Gladiator)                   Turns: 3276, Time: 00:08:25

Health: -1/59      AC:  3    Str: 20    XL:     6   Next: 67%
Magic:  6/6        EV: 10    Int: 14    God:
Gold:   323        SH:  0    Dex: 16    Spells: 5/5 levels left

rFire   + + .        o - +1 broad axe
rCold   + + +        (no shield)
rNeg    . . .        b - +0 robe
rPois   +            i - +0 hat
rElec   +            w - scarf {rC+ rF+}
rCorr   +            (gloves unavailable)
SInv    .            (boots unavailable)
Will    .....        r - amulet of magic regeneration
Stlth   ++           k - +6 ring of intelligence
HPRegen 0.29/turn    x - ring of flight
MPRegen 0.50/turn

%: no passive effects
@: lethally poisoned (-1 -> -3), resistant, flying
A: large, unfitting armour, horns 1, tough skin 1, double potion healing,
drunken brawling, thin skeletal structure 1, agile 1, cold resistance 1, frail 1
a: no special abilities


You were on level 5 of the Dungeon.
You visited 1 branch of the dungeon, and saw 5 of its levels.

You collected 323 gold pieces.

Inventory:

Hand Weapons
 a - a +0 war axe
 o - a +1 broad axe (weapon)
Missiles
 d - 2 throwing nets (quivered)
 n - 3 atropa-tipped darts
Armour
 b - a +0 robe (worn)
 i - a +0 hat (worn)
 w - a scarf of resistance (worn)
Jewellery
 c - a ring of positive energy
 k - a +6 ring of intelligence (left hand)
 r - an amulet of magic regeneration (around neck)
 x - a ring of flight (right hand)
Scrolls
 g - 2 scrolls of identify {unknown}
 j - a scroll of revelation {unknown}
 m - a scroll of teleportation {unknown}
 p - a scroll of enchant weapon
 q - a scroll of enchant armour {unknown}
 s - 2 scrolls of vulnerability {unknown}
 v - a scroll of silence {unknown}
Potions
 f - a potion of resistance
 h - a potion of haste
 l - a potion of mutation
 t - 2 potions of attraction {unknown}
 u - a potion of brilliance {unknown}


   Skills:
 + Level 5.0 Fighting
 + Level 4.4 Axes
 + Level 3.7 Throwing
 + Level 4.0 Dodging


You had 5 spell levels left.
You didn't know any spells.
Your spell library contained the following spells:

 Spells                   Type           Power      Damage    Failure   Level
 Blink                    Tloc           0%         N/A       41%         2
 Lesser Beckoning         Tloc           0%         N/A       41%         2
 Momentum Strike          Conj/Tloc      0%         3d8       41%         2
 Sigil of Binding         Hex            0%         N/A       65%         3
 Death Channel            Necr           0%         N/A       100%        6
 Sculpt Simulacrum        Ice/Alch       0%         N/A       100%        6


Dungeon Overview and Level Annotations

Branches:
Dungeon (5/15)
 Temple: D:4-7

Altars:
Dithmenos


Innate Abilities, Weirdness & Mutations

You are too large for most types of armour.
You have a pair of small horns on your head.
You have tough skin. (AC +1)
You gain doubled healing and magic from potions.
Whenever you drink a healing potion, you attack all around you.
You have a somewhat thin skeletal structure. (Dex +2, Stealth+)
You are agile. (Dex +4, Str/Int -1)
Your flesh is cold resistant. (rC+)
You are frail. (-10% HP)


Message History

The water moccasin bites you. The water moccasin barely misses you.
The water moccasin closely misses you.
You slash the water moccasin!
Your headbutt misses the water moccasin.
The water moccasin is moderately wounded.
The water moccasin bites you.
You are poisoned.
The water moccasin poisons you! The water moccasin bites you.
You are more poisoned.
The water moccasin poisons you!
You feel protected.
You feel very sick. The water moccasin bites you.
You hit the water moccasin. You headbutt the water moccasin.
The water moccasin is heavily wounded.
You feel very sick. The water moccasin bites you. x2
You miss the water moccasin.
The water moccasin is heavily wounded.
You feel very sick. The water moccasin bites you. x2
You miss the water moccasin.
The water moccasin is heavily wounded.
You feel very sick. The water moccasin closely misses you.
The water moccasin bites you.
* * * LOW HITPOINT WARNING * * *
You slash the water moccasin!
Your headbutt misses the water moccasin.
The water moccasin is severely wounded.
You feel very sick. The water moccasin bites you.
* * * LOW HITPOINT WARNING * * *
The water moccasin closely misses you.
Throw: 3 throwing nets
Press: ? - help, Q - select action, (/) - cycle Shift-Dir - straight line, f/p - water moccasin
Aim: a water moccasin (severely wounded, 42% to hit)
You throw a throwing net.
The throwing net closely misses the water moccasin.
You feel sick. The water moccasin bites you.
You die...

#..###.# #
#...... #.
#.>...# #.#.....#
.# .......###
#.#.
#......####....
#...............
#.@............##
#S###...........#
#(
#...........###
(#
#..............
##
#...#..........
#..###........#
#.## ##.<....#
##.####.......#
#............##


You could see a water moccasin.

Vanquished Creatures
  A scorpion (D:2)
  An orc priest (D:4)
  Jessica (D:2)
  2 iguanas (D:4)
  4 gnolls (D:3)
  4 adders
  2 dart slugs
  A ribbon worm (D:2)
  17 orcs
  4 bats
  6 endoplasms (D:2)
  A giant cockroach (D:1)
  12 goblins
  11 hobgoblins
  4 jackals (D:3)
  6 kobolds
  2 quokkas (D:4)
  7 ball pythons
  6 frilled lizards
  8 rats
100 creatures vanquished.

Notes
Turn   | Place    | Note
-------+----------+-------------------------------------------
     0 | D:1      | Chadd the Oni Gladiator began the quest for the Orb.
     0 | D:1      | Reached XP level 1. HP: 22/22 MP: 1/1
   168 | D:1      | Reached XP level 2. HP: 22/29 MP: 2/2
   169 | D:1      | Reached skill level 3 in Fighting
   917 | D:2      | Reached XP level 3. HP: 37/37 MP: 3/3
   986 | D:2      | Noticed Jessica
   990 | D:2      | Killed Jessica
  1049 | D:2      | Reached XP level 4. HP: 43/46 MP: 4/4
  1150 | D:2      | Found a shadowy altar of Dithmenos.
  1353 | D:2      | Noticed a scorpion
  1361 | D:2      | Gained mutation: You have a somewhat thin skeletal
                  | structure. (Dex +2, Stealth+) [potion of mutation]
  1361 | D:2      | Gained mutation: You are frail. (-10% HP) [potion of
                  | mutation]
  1361 | D:2      | Gained mutation: Your flesh is cold resistant. (rC+)
                  | [potion of mutation]
  1361 | D:2      | Gained mutation: You are agile. (Dex +4, Str/Int -1)
                  | [potion of mutation]
  1363 | D:2      | Killed a scorpion
  1364 | D:2      | Reached skill level 4 in Fighting
  1364 | D:2      | Reached XP level 5. HP: 30/48 MP: 5/5
  2078 | D:3      | Reached XP level 6. HP: 56/56 MP: 6/6
  2814 | D:4      | Reached skill level 5 in Fighting
  3245 | D:5      | Entered Level 5 of the Dungeon
  3266 | D:5      | Noticed a water moccasin
  3276 | D:5      | Slain by a water moccasin

Illustrated notes

Levels and vault maps discovered:
D:1:      evilmike_arrival_grusome_pit, layout_loops_cross,
          kennysheep_another_room
D:2:      layout_rooms, basic_altar, serial_bayou_pond_a,
          minmay_divided_ellipse, uniq_jessica
D:3:      layout_basic
D:4:      layout_loops_cross
D:5:      layout_layer_cave, kennysheep_mini_moat, hex_large, eino_tiny_chamber

Skill      XL: |  1  2  3  4  5  6 |
---------------+-------------------+-----
Fighting       | 3 4 5 |  5.0
Dodging        | 3 4 |  4.0
Throwing       | 3 |  3.7
Axes           | 4 |  4.4

Action                     |  1- 3 |  4- 6 || total
---------------------------+-------+-------++-------
  Melee: War axe           |    76 |     1 ||    77
         Headbutt          |     6 |    22 ||    28
         Broad axe         |       |   149 ||   149
  Throw: Large rock        |     1 |     6 ||     7
         Dart              |       |     2 ||     2
         Throwing net      |       |     1 ||     1
    Use: Potion            |       |     6 ||     6
         Scroll            |       |     1 ||     1
   Stab: Sleeping          |       |     5 ||     5
 Armour: Robe              |    66 |   128 ||   194
  Dodge: Dodged            |    31 |   104 ||   135

Table legend: (Time is in decaauts)
 A = Elapsed time spent in this place.
 B = Non-inter-level travel time spent in this place.
 C = Inter-level travel time spent in this place.
 D = Time resting spent in this place.
 E = Time spent auto-exploring this place.
 F = Levels seen in this place.
 G = Mean time per level.
                   A        B        C        D        E       F      G
               +--------+--------+--------+--------+--------+-----+--------+
         Total |   3350 |   3061 |    289 |    279 |   2023 |   5 |  670.0 |
       Dungeon |   3350 |   3061 |    289 |    279 |   2023 |   5 |  670.0 |
               +--------+--------+--------+--------+--------+-----+--------+

Top non-repeatable levels by time:
     D:4: 893 daAuts
     D:1: 846 daAuts
     D:2: 833 daAuts
     D:3: 743 daAuts
     D:5: 33 daAuts
